[Event "Teplice Open 2019"]
[Site "Teplice"]
[Date "2019.06.21"]
[Round "7.23"]
[White "Kirk, Ezra"]
[Black "Baum, Jonasz"]
[Result "0-1"]
[ECO "B12"]
[WhiteElo "2428"]
[BlackElo "2295"]
[Annotator "NA"]
[PlyCount "98"]
[EventDate "2019.06.15"]
[EventType "swiss"]
[EventCountry "CZE"]
[SourceTitle "playchess.com"]
[Source "ChessBase"]
[SourceQuality "1"]
[TimeControl "40/5400+30:1800+30"]

1. e4 c6 2. d4 d5 3. e5 c5 4. Nf3 Bg4 5. dxc5 e6 6. c3 Nd7 7. b4 Ne7 8. Nbd2 Nc6 9. h3 Bxf3 10. Nxf3 Ndxe5 11. Nd4 Be7 12. Be2 O-O 13. O-O Bf6 14. Rb1 Nc4 15. a4 a6 16. Qd3 Qc7 17. Rd1 b5 18. Qc2 Rfd8 19. g3 h6 20. h4 Kh8 21. Bf1 Nxd4 22. cxd4 Qc6 23. axb5 axb5 24. Qe2 Qd7 25. Qh5 Qe7 26. Bd3 Kg8 27. Bf4 Bxd4 28. Bxc4 dxc4 29. Be5 Bxe5 30. Qxe5 f6 31. Qe3 e5 32. h5 Qb7 33. Rd2 Rd5 34. Qe4 Rad8 35. Kh2 Qf7 36. Rxd5 Rxd5 37. Ra1 f5 38. Qh4 Rd4 39. Ra8+ Kh7 40. Qh3 c3 41. Ra7 Qf8 42. Qf1 Rxb4 43. Qe2 Qxc5 44. Qd3 Qxf2+ 45. Kh3 Qxa7 46. Qxf5+ Kg8 47. Qc8+ Kf7 48. Qf5+ Ke7 49. Qxe5+ Kd8 0-1

[Event "Teplice Open 2019"]
[Site "Teplice"]
[Date "2019.06.21"]
[Round "7.24"]
[White "Van Zyl-Rudd, Jack"]
[Black "Siddharth, Jagadeesh"]
[Result "0-1"]
[ECO "E39"]
[WhiteElo "2299"]
[BlackElo "2416"]
[Annotator "NA"]
[PlyCount "77"]
[EventDate "2019.06.15"]
[EventType "swiss"]
[EventCountry "CZE"]
[SourceTitle "playchess.com"]
[Source "ChessBase"]
[SourceQuality "1"]
[TimeControl "40/5400+30:1800+30"]

1. d4 Nf6 2. c4 e6 3. Nc3 Bb4 4. Qc2 O-O 5. Nf3 c5 6. dxc5 Na6 7. g3 Nxc5 8. Bg2 Nce4 9. O-O Nxc3 10. bxc3 Be7 11. e4 d6 12. e5 dxe5 13. Nxe5 Qc7 14. Qe2 Bd6 15. Bf4 Ne8 16. c5 Qxc5 17. c4 f6 18. Nd3 Qc7 19. c5 Bxf4 20. Nxf4 e5 21. Nd5 Qf7 22. Rab1 Nc7 23. Nxc7 Qxc7 24. Qc4+ Kh8 25. Rb4 f5 26. Bd5 Rd8 27. Rfb1 Rb8 28. a4 h6 29. Rb5 f4 30. a5 Bf5 31. R1b3 Bh3 32. c6 bxc6 33. Rxb8 Rxb8 34. Qxc6 Rc8 35. Qxc7 Rxc7 36. Rb8+ Kh7 37. Bg8+ Kg6 38. Bf7+ Kh7 39. Bd5 0-1

[Event "Teplice Open 2019"]
[Site "Teplice"]
[Date "2019.06.21"]
[Round "7.25"]
[White "Kostolansky, Sebastian Lukas"]
[Black "Kett, Tim"]
[Result "1-0"]
[ECO "C91"]
[WhiteElo "2379"]
[BlackElo "2197"]
[Annotator "NA"]
[PlyCount "85"]
[EventDate "2019.06.15"]
[EventType "swiss"]
[EventCountry "CZE"]
[SourceTitle "playchess.com"]
[Source "ChessBase"]
[SourceQuality "1"]
[TimeControl "40/5400+30:1800+30"]

1. e4 e5 2. Nf3 Nc6 3. Bb5 a6 4. Ba4 Nf6 5. O-O Be7 6. Re1 b5 7. Bb3 d6 8. c3 O-O 9. a4 Bb7 10. d4 Nd7 11. Nbd2 Bf6 12. Nf1 Re8 13. Ng3 g6 14. Bh6 Na5 15. axb5 axb5 16. Ba2 Nb6 17. dxe5 dxe5 18. Qe2 Nac4 19. Bb3 Qe7 20. Nd2 Qc5 21. Qf3 Qe7 22. Qe2 Qc5 23. Ndf1 Bg7 24. Bxg7 Kxg7 25. Qg4 Kh8 26. Rxa8 Rxa8 27. Qg5 Qf8 28. Qf6+ Kg8 29. Ne3 Nd7 30. Qg5 Nxe3 31. fxe3 Qd8 32. Qh6 Nc5 33. Bxf7+ Kxf7 34. Qxh7+ Ke6 35. Qxg6+ Qf6 36. Qg4+ Kd6 37. Rf1 Qe6 38. Qg7 Rg8 39. Nf5+ Qxf5 40. Qxg8 Qe6 41. Qf8+ Qe7 42. Rd1+ Ke6 43. Qf5# {[%emt 0:00:01] Kd5} 1-0

[Event "Teplice Open 2019"]
[Site "Teplice"]
[Date "2019.06.21"]
[Round "7.26"]
[White "Krishna Teja, N."]
[Black "Ivanov, Igor"]
[Result "1-0"]
[ECO "B06"]
[WhiteElo "2357"]
[BlackElo "2157"]
[Annotator "NA"]
[PlyCount "107"]
[EventDate "2019.06.15"]
[EventType "swiss"]
[EventCountry "CZE"]
[SourceTitle "playchess.com"]
[Source "ChessBase"]
[SourceQuality "1"]
[TimeControl "40/5400+30:1800+30"]

1. d4 g6 2. e4 Bg7 3. Nc3 d6 4. f4 a6 5. Nf3 b5 6. Bd3 Bb7 7. Qe2 Nd7 8. e5 Nh6 9. Ne4 O-O 10. e6 Nf6 11. Neg5 Bd5 12. exf7+ Nxf7 13. Ne6 Bxe6 14. Qxe6 Kh8 15. O-O Qd7 16. Re1 Qxe6 17. Rxe6 Rae8 18. Bd2 Nd8 19. Re2 Nd5 20. g3 Nc6 21. c3 Bf6 22. h4 Nb6 23. Rae1 Nc4 24. Bc1 Nb6 25. Nh2 Nd7 26. Ng4 Kg7 27. Be4 Nd8 28. Bd5 c6 29. Bb3 d5 30. f5 Nf7 31. Nxf6 Nxf6 32. fxg6 hxg6 33. Rxe7 Ne4 34. Rxe8 Rxe8 35. Bc2 Nfd6 36. Bf4 Re6 37. Bxd6 Rxd6 38. Bxe4 Re6 39. Kf2 dxe4 40. Ke3 Rf6 41. g4 Rf3+ 42. Kxe4 Rf2 43. b4 Kf6 44. g5+ Ke6 45. Kd3+ Kf7 46. Re5 Rf3+ 47. Kc2 Rh3 48. Re4 Rh1 49. Kb2 Rh2+ 50. Kb3 Rh3 51. Rf4+ Kg7 52. Rf6 Rxh4 53. Rxc6 Rg4 54. Rc5 1-0

[Event "Teplice Open 2019"]
[Site "Teplice"]
[Date "2019.06.21"]
[Round "7.27"]
[White "Gavrilescu, David"]
[Black "Liska, Jiri"]
[Result "1/2-1/2"]
[ECO "D02"]
[WhiteElo "2475"]
[BlackElo "2275"]
[Annotator "ChessBase"]
[PlyCount "68"]
[EventDate "2019.06.15"]
[EventType "swiss"]
[EventCountry "CZE"]
[SourceTitle "playchess.com"]
[Source "ChessBase"]
[SourceQuality "1"]
[TimeControl "40/5400+30:1800+30"]

1. d4 Nf6 2. Nf3 g6 3. Nbd2 d5 4. e3 Bg7 5. b4 O-O 6. c4 dxc4 7. Nxc4 Bf5 8. Be2 b6 9. Bb2 Nbd7 10. b5 Be4 11. O-O c5 12. Rc1 Rc8 13. a4 Qc7 14. Nfd2 Bb7 15. a5 Ne4 16. Nb3 Rfd8 17. Qe1 Nd6 18. Ba1 Bd5 19. dxc5 Nxc5 20. Nxc5 Qxc5 21. Nxd6 Qxd6 22. Bxg7 Kxg7 23. axb6 axb6 24. Qd2 Qe5 25. Rxc8 Rxc8 26. Rd1 Rc5 27. Qb4 h5 28. h3 Qg5 29. Bf1 Kh7 30. Qd4 h4 31. Ra1 e5 32. Qb4 Qf6 33. Ra4 e4 34. Qd2 Qc3 1/2-1/2

[Event "Teplice Open 2019"]
[Site "Teplice"]
[Date "2019.06.21"]
[Round "7.28"]
[White "Vogel, Roven"]
[Black "Pajeken, Wolfgang"]
[Result "0-1"]
[ECO "E21"]
[WhiteElo "2471"]
[BlackElo "2259"]
[Annotator "ChessBase"]
[PlyCount "80"]
[EventDate "2019.06.15"]
[EventType "swiss"]
[EventCountry "CZE"]
[SourceTitle "playchess.com"]
[Source "ChessBase"]
[SourceQuality "1"]
[TimeControl "40/5400+30:1800+30"]

1. Nf3 Nf6 2. c4 e6 3. Nc3 Bb4 4. d4 b6 5. g3 Bb7 6. Bg2 O-O 7. O-O Bxc3 8. bxc3 d6 9. a4 Nc6 10. d5 Na5 11. Nd2 exd5 12. cxd5 Bxd5 13. e4 Bb7 14. c4 Re8 15. Bb2 Nd7 16. Re1 Nc5 17. Ra3 Qd7 18. Qh5 f6 19. g4 Qf7 20. Qh4 h6 21. Rh3 Nxa4 22. Ba1 Nc5 23. f4 Ne6 24. Rf1 Qe7 25. Qg3 c5 26. g5 hxg5 27. fxg5 Nxg5 28. Rh5 Nc6 29. Bxf6 gxf6 30. Rxf6 Qxf6 31. Rxg5+ Kf7 32. Rf5 Ne5 33. Qh4 Qxf5 34. exf5 Rh8 35. Qf4 Rag8 36. Ne4 Rg4 37. Nxd6+ Kf6 38. Ne8+ Rxe8 39. Qh6+ Ke7 40. Qe6+ Kd8 0-1

[Event "Teplice Open 2019"]
[Site "Teplice"]
[Date "2019.06.21"]
[Round "7.29"]
[White "Karas, Marek"]
[Black "Cernousek, Lukas"]
[Result "1/2-1/2"]
[ECO "D21"]
[WhiteElo "2268"]
[BlackElo "2466"]
[Annotator "ChessBase"]
[PlyCount "86"]
[EventDate "2019.06.15"]
[EventType "swiss"]
[EventCountry "CZE"]
[SourceTitle "playchess.com"]
[Source "ChessBase"]
[SourceQuality "1"]
[TimeControl "40/5400+30:1800+30"]

1. d4 d5 2. c4 dxc4 3. Nf3 a6 4. a4 Nc6 5. e3 Na5 6. Ne5 c5 7. Nxc4 cxd4 8. exd4 Nf6 9. Nxa5 Qxa5+ 10. Nc3 Be6 11. Be2 Bd5 12. O-O e6 13. Nxd5 Nxd5 14. Bf3 Be7 15. Qb3 O-O 16. Qxb7 Rab8 17. Qa7 Ra8 18. Qb7 Rfb8 19. Qd7 Rd8 20. Qb7 Rab8 21. Qa7 Ra8 22. Qb7 Rdb8 23. Qd7 Bf6 24. Bxd5 Rd8 25. Qb7 Qxd5 26. Qxd5 Rxd5 27. Be3 Bxd4 28. Bxd4 Rxd4 29. Rfc1 Rb8 30. g3 g6 31. Ra2 Kg7 32. a5 Rd6 33. Rc2 Rb5 34. Ra4 Rb3 35. Rf4 e5 36. Rfc4 Rd5 37. Rc5 Rxc5 38. Rxc5 Rxb2 39. Rxe5 Ra2 40. Rc5 Kf8 41. h4 h5 42. f4 Ke7 43. f5 Ke8 1/2-1/2

[Event "Teplice Open 2019"]
[Site "Teplice"]
[Date "2019.06.21"]
[Round "7.30"]
[White "Brozyna, Mateusz"]
[Black "Haldorsen, Benjamin"]
[Result "1/2-1/2"]
[ECO "C55"]
[WhiteElo "2252"]
[BlackElo "2454"]
[Annotator "ChessBase"]
[PlyCount "109"]
[EventDate "2019.06.15"]
[EventType "swiss"]
[EventCountry "CZE"]
[SourceTitle "playchess.com"]
[Source "ChessBase"]
[SourceQuality "1"]
[TimeControl "40/5400+30:1800+30"]

1. e4 e5 2. Nf3 Nc6 3. Bc4 Nf6 4. d3 h6 5. c3 d6 6. O-O g5 7. Nbd2 Bg7 8. Bb3 O-O 9. Nc4 Be6 10. Re1 Qd7 11. d4 exd4 12. cxd4 d5 13. Nce5 Nxe5 14. Nxe5 Qb5 15. exd5 Bxd5 16. Ba4 Qb6 17. Bc2 Rad8 18. h4 gxh4 19. Qd3 Rfe8 20. Bf4 Be6 21. Be3 c5 22. Nf3 h3 23. Qc3 Nd5 24. Qxc5 Qxc5 25. dxc5 Nxe3 26. Rxe3 hxg2 27. Be4 Bc8 28. Kxg2 Kf8 29. Rb1 f5 30. Bc2 Rxe3 31. fxe3 Be6 32. b3 Ke7 33. Rh1 Rc8 34. b4 b6 35. Bb3 bxc5 36. bxc5 Rxc5 37. Nd4 Bd7 38. Rf1 a5 39. Kf3 a4 40. Bg8 Kf8 41. Ne6+ Bxe6 42. Bxe6 Ke7 43. Bg8 Be5 44. Rh1 Kf6 45. Rh4 a3 46. Rc4 Ra5 47. Rc6+ Kg7 48. Bc4 h5 49. Bd3 Bf6 50. Ra6 Rxa6 51. Bxa6 Be5 52. Bf1 Kf6 53. Bh3 Bc7 54. Bf1 Ke5 55. Bh3 1/2-1/2

[Event "Teplice Open 2019"]
[Site "Teplice"]
[Date "2019.06.21"]
[Round "7.31"]
[White "Ahlander, Bjorn"]
[Black "Freisler, Pavel"]
[Result "0-1"]
[ECO "E00"]
[WhiteElo "2421"]
[BlackElo "2246"]
[Annotator "ChessBase"]
[PlyCount "158"]
[EventDate "2019.06.15"]
[EventType "swiss"]
[EventCountry "CZE"]
[SourceTitle "playchess.com"]
[Source "ChessBase"]
[SourceQuality "1"]
[TimeControl "40/5400+30:1800+30"]

1. d4 Nf6 2. c4 e6 3. g3 Bb4+ 4. Nd2 O-O 5. Bg2 d6 6. a3 Bxd2+ 7. Qxd2 Nbd7 8. e3 e5 9. Ne2 Qe7 10. O-O Re8 11. b4 a5 12. Bb2 Nb6 13. Qc2 axb4 14. axb4 Rxa1 15. Rxa1 exd4 16. Nxd4 d5 17. cxd5 Nbxd5 18. b5 h5 19. e4 Nb6 20. Rc1 h4 21. f3 hxg3 22. hxg3 Qb4 23. Ba1 Bd7 24. Qxc7 Rc8 25. Qf4 Rxc1+ 26. Qxc1 Bxb5 27. Nf5 Bd7 28. Nxg7 Kxg7 29. Qg5+ Kf8 30. Bxf6 Be6 31. Qg7+ Ke8 32. Qg8+ Kd7 33. Qd8+ Kc6 34. f4 Nd7 35. f5 Qe1+ 36. Kh2 Qf2 37. e5+ Bd5 38. Kh3 Bxg2+ 39. Kg4 Qf3+ 40. Kg5 Qxg3+ 41. Kh6 Qh3+ 42. Kg7 Qxf5 43. Qe7 Qg6+ 44. Kh8 Qh6+ 45. Kg8 Nxf6+ 46. exf6 Qg5+ 47. Kh8 Qd5 48. Qe8+ Qd7 49. Qe2 Bd5 50. Qc2+ Kb6 51. Kg7 Qg4+ 52. Kf8 Qb4+ 53. Kg7 Qc4 54. Qb2+ Kc6 55. Qa3 Qc5 56. Qa8 Kd7 57. Qa4+ b5 58. Qg4+ Kc7 59. Qf4+ Qd6 60. Qe3 Kb7 61. Qd4 b4 62. Kg8 b3 63. Kg7 Qc6 64. Qb4+ Qb6 65. Qe7+ Ka6 66. Qa3+ Kb5 67. Qb2 Qg1+ 68. Kf8 Qe3 69. Qh2 Qd4 70. Qe2+ Kb4 71. Kg7 b2 72. Qe1+ Kb3 73. Qg3+ Ka2 74. Qh2 Ka1 75. Qd6 b1=Q 76. Qa3+ Ba2 77. Qe7 Qg6+ 78. Kf8 Qh6+ 79. Ke8 Qh8+ 0-1

[Event "Teplice Open 2019"]
[Site "Teplice"]
[Date "2019.06.21"]
[Round "7.32"]
[White "Horak, Martin"]
[Black "Handler, Lukas"]
[Result "1/2-1/2"]
[ECO "D38"]
[WhiteElo "2244"]
[BlackElo "2418"]
[Annotator "NA"]
[PlyCount "133"]
[EventDate "2019.06.15"]
[EventType "swiss"]
[EventCountry "CZE"]
[SourceTitle "playchess.com"]
[Source "ChessBase"]
[SourceQuality "1"]
[TimeControl "40/5400+30:1800+30"]

1. d4 d5 2. c4 e6 3. Nc3 Bb4 4. Nf3 Nf6 5. Qa4+ Nc6 6. e3 O-O 7. Qc2 dxc4 8. Bxc4 Bd6 9. O-O e5 10. h3 Qe7 11. dxe5 Nxe5 12. Nxe5 Qxe5 13. f4 Qc5 14. Bd3 Re8 15. Nb5 Qxc2 16. Bxc2 Bd7 17. Nxd6 cxd6 18. Rd1 Rac8 19. Bd3 Ba4 20. b3 Bc6 21. Bc4 b5 22. Be2 Ne4 23. Bf3 Nc3 24. Bxc6 Rxc6 25. Re1 f5 26. Bb2 Ne4 27. Rac1 Rec8 28. Rxc6 Rxc6 29. Rc1 Rxc1+ 30. Bxc1 Kf7 31. Kf1 Ke6 32. Bb2 g6 33. Ke2 Kd5 34. Bd4 a6 35. Kd3 h5 36. b4 g5 37. fxg5 Nxg5 38. Bf6 Nf7 39. Be7 Ne5+ 40. Kc3 Ng6 41. Bg5 Ke4 42. Kd2 Ne5 43. Bf4 Nc4+ 44. Ke2 d5 45. Bg5 Nb2 46. Kd2 Nd3 47. Be7 Ne5 48. Ke2 Nd3 49. Kd2 d4 50. exd4 Kxd4 51. Bd6 Kc4 52. Ke3 Nxb4 53. Kf4 Nxa2 54. Kxf5 b4 55. g4 hxg4 56. hxg4 b3 57. Ba3 Nc3 58. g5 Nd5 59. Ke6 a5 60. Kd6 Nf4 61. Ke5 Nh5 62. g6 Kc3 63. Kf5 b2 64. Bxb2+ Kxb2 65. Kg5 Ng7 66. Kf6 Ne8+ 67. Ke7 1/2-1/2

[Event "Teplice Open 2019"]
[Site "Teplice"]
[Date "2019.06.21"]
[Round "7.33"]
[White "Halvax, Georg"]
[Black "Kucera, Petr"]
[Result "1/2-1/2"]
[ECO "D02"]
[WhiteElo "2408"]
[BlackElo "2248"]
[Annotator "ChessBase"]
[PlyCount "174"]
[EventDate "2019.06.15"]
[EventType "swiss"]
[EventCountry "CZE"]
[SourceTitle "playchess.com"]
[Source "ChessBase"]
[SourceQuality "1"]
[TimeControl "40/5400+30:1800+30"]

1. d4 d5 2. Nf3 c5 3. e3 Nc6 4. a3 cxd4 5. exd4 Bg4 6. Bb5 Nf6 7. Qd3 Bxf3 8. Qxf3 e6 9. O-O Be7 10. c3 O-O 11. Re1 Qa5 12. Qe2 a6 13. Bd3 Rfe8 14. Bf4 Bf8 15. Nd2 g6 16. Nf3 Nh5 17. Qd2 Qd8 18. Bg5 Be7 19. Bh6 Bf8 20. Ne5 Bxh6 21. Qxh6 Qf6 22. Ng4 Qg7 23. Qg5 f6 24. Qh4 f5 25. Ne5 Qf6 26. Qh3 Nxe5 27. Rxe5 Rac8 28. Rae1 Ng7 29. Qh6 Rf8 30. f4 Rc6 31. R1e3 Ne8 32. Be2 Nc7 33. Bf3 Rd6 34. h4 Rf7 35. h5 Rg7 36. g3 Qd8 37. Kg2 g5 38. fxg5 Qxg5 39. Qxg5 Rxg5 40. g4 Rg7 41. Kg3 Kf7 42. Kf4 fxg4 43. Bxg4 h6 44. Re2 a5 45. a4 Rb6 46. Kg3 Kf6 47. Kh4 Rd6 48. R5e3 Rf7 49. Bh3 Ke7 50. Rg2 Rf4+ 51. Kg3 Rf6 52. Kh2 Rd8 53. Rg7+ Kd6 54. b3 Rdf8 55. c4 b6 56. Bg4 R8f7 57. Rg6 Rxg6 58. hxg6 Rf6 59. Bh5 Ne8 60. Rf3 Rxf3 61. Bxf3 Ng7 62. Kg3 dxc4 63. bxc4 e5 64. d5 Ke7 65. Bg4 Ne8 66. Kh4 Kf6 67. Kh5 Kg7 68. Bf5 Nd6 69. Bd3 e4 70. Be2 Nf5 71. Kg4 Kxg6 72. Kf4 Kf6 73. Kxe4 Nd6+ 74. Kd4 Nb7 75. Bh5 Nc5 76. Be8 Ke7 77. Bb5 Kd6 78. Ke3 Ke5 79. Kf3 Nb7 80. Kg4 Nd6 81. Ba6 Kf6 82. Kh5 Kg7 83. Bb5 Ne4 84. Kg4 Kf6 85. Kh5 Kg7 86. Kg4 Nd6 87. Kh5 Ne4 1/2-1/2

[Event "Teplice Open 2019"]
[Site "Teplice"]
[Date "2019.06.21"]
[Round "7.34"]
[White "Navrotescu, Andreea-Cristiana"]
[Black "Mikes, Jan"]
[Result "1-0"]
[ECO "E70"]
[WhiteElo "2233"]
[BlackElo "2404"]
[Annotator "NA"]
[PlyCount "71"]
[EventDate "2019.06.15"]
[EventType "swiss"]
[EventCountry "CZE"]
[SourceTitle "playchess.com"]
[Source "ChessBase"]
[SourceQuality "1"]
[TimeControl "40/5400+30:1800+30"]

1. d4 Nf6 2. c4 g6 3. Nc3 Bg7 4. e4 d6 5. Nge2 O-O 6. Ng3 e5 7. d5 a5 8. Be2 Na6 9. h4 h6 10. Be3 Kh7 11. f3 c6 12. Qd2 cxd5 13. exd5 Nc5 14. h5 g5 15. Bd3+ Nxd3+ 16. Qxd3+ Kg8 17. O-O-O Nh7 18. Nf5 Bxf5 19. Qxf5 Qc8 20. Qxc8 Rfxc8 21. b3 Nf6 22. a4 e4 23. Nb5 Ra6 24. Kd2 exf3 25. gxf3 Nd7 26. f4 g4 27. f5 Ne5 28. Bf4 Kh7 29. Rhf1 Bf6 30. Kc2 Rb6 31. Be3 Ra6 32. Rg1 Nxc4 33. bxc4 Rxc4+ 34. Kd3 Rxa4 35. Nc7 Ra3+ 36. Ke4 1-0

[Event "Teplice Open 2019"]
[Site "Teplice"]
[Date "2019.06.21"]
[Round "7.35"]
[White "Kaasen, Tor Fredrik"]
[Black "Kucera, Petr"]
[Result "1/2-1/2"]
[ECO "A21"]
[WhiteElo "2395"]
[BlackElo "2248"]
[Annotator "NA"]
[PlyCount "147"]
[EventDate "2019.06.15"]
[EventType "swiss"]
[EventCountry "CZE"]
[SourceTitle "playchess.com"]
[Source "ChessBase"]
[SourceQuality "1"]
[TimeControl "40/5400+30:1800+30"]

1. c4 e5 2. Nc3 d6 3. Nf3 f5 4. d4 e4 5. Ng5 Be7 6. Nh3 Nf6 7. g3 O-O 8. Bg2 c6 9. O-O Na6 10. d5 c5 11. b3 Nc7 12. Bb2 Ng4 13. Qd2 Bf6 14. Kh1 Rb8 15. f3 exf3 16. exf3 Ne5 17. Rfe1 a6 18. Nf4 Bg5 19. Nce2 b5 20. cxb5 axb5 21. Qc2 Bb7 22. Rad1 Ra8 23. a3 Bf6 24. Nh5 Nd7 25. Nxf6+ Nxf6 26. Qxf5 Nfxd5 27. Qd3 Qg5 28. f4 Qh5 29. Nc3 Nxc3 30. Qxc3 Bxg2+ 31. Kxg2 Rf7 32. Rxd6 Ne8 33. Rde6 Nf6 34. R6e5 Qg4 35. Qxc5 Rc8 36. Qf2 Rfc7 37. R1e2 Qd7 38. Rg5 h6 39. Bxf6 hxg5 40. Be5 Qd5+ 41. Qf3 Qxf3+ 42. Kxf3 Rc2 43. Re4 gxf4 44. gxf4 Rxh2 45. Rb4 Ra8 46. Rxb5 Rxa3 47. Ke4 Ra7 48. b4 Kf7 49. Rb8 Rd2 50. b5 Ra4+ 51. Kf5 g6+ 52. Kg4 Rd5 53. Rb7+ Ke6 54. Rb6+ Kf7 55. Kg5 Rb4 56. Rf6+ Ke7 57. Rxg6 Rbxb5 58. Kf5 Rxe5+ 59. fxe5 Rb1 60. Rg7+ Kf8 61. Ra7 Rb6 62. Rd7 Ke8 63. Rh7 Ra6 64. Rc7 Rb6 65. Ke4 Ra6 66. Rc5 Rb6 67. Kd5 Ra6 68. Rb5 Ke7 69. Rb7+ Ke8 70. Ke4 Rc6 71. Kf5 Ra6 72. Rg7 Rb6 73. Rg6 Rxg6 74. Ke4 1/2-1/2

[Event "Teplice Open 2019"]
[Site "Teplice"]
[Date "2019.06.21"]
[Round "7.36"]
[White "Lyell, Mark"]
[Black "Di Nicolantonio, Lucas"]
[Result "1/2-1/2"]
[ECO "A07"]
[WhiteElo "2222"]
[BlackElo "2379"]
[Annotator "NA"]
[PlyCount "90"]
[EventDate "2019.06.15"]
[EventType "swiss"]
[EventCountry "CZE"]
[SourceTitle "playchess.com"]
[Source "ChessBase"]
[SourceQuality "1"]
[TimeControl "40/5400+30:1800+30"]

1. Nf3 d5 2. b3 Bf5 3. Bb2 e6 4. g3 Nf6 5. Bg2 Be7 6. d3 h6 7. O-O O-O 8. Nbd2 c6 9. Qe1 a5 10. a3 Bh7 11. Kh1 c5 12. a4 Nc6 13. Ne5 Nb4 14. Rc1 Nd7 15. Nxd7 Qxd7 16. Nf3 Rfd8 17. Ne5 Qe8 18. e4 f6 19. Ng4 dxe4 20. Bxe4 Bxe4+ 21. Qxe4 Qc6 22. Qxc6 Nxc6 23. Rce1 Nd4 24. Bxd4 cxd4 25. f4 Ra6 26. h3 Rc8 27. Re2 Rac6 28. Rff2 Ba3 29. Nh2 Bc1 30. Nf1 Kf7 31. g4 g6 32. Kh2 f5 33. Kg3 Rc5 34. gxf5 exf5 35. h4 Kf6 36. Nd2 Bxd2 37. Rxd2 g5 38. hxg5+ hxg5 39. fxg5+ Kxg5 40. Rde2 Kf6 41. Rh2 Rg8+ 42. Kf3 Rg1 43. Rh6+ Kg5 44. Ree6 Rf1+ 45. Kg3 Rg1+ 1/2-1/2

[Event "Teplice Open 2019"]
[Site "Teplice"]
[Date "2019.06.21"]
[Round "7.37"]
[White "Richterova, Natasa"]
[Black "Pajeken, Jakob Leon"]
[Result "0-1"]
[ECO "C54"]
[WhiteElo "2190"]
[BlackElo "2359"]
[Annotator "NA"]
[PlyCount "114"]
[EventDate "2019.06.15"]
[EventType "swiss"]
[EventCountry "CZE"]
[SourceTitle "playchess.com"]
[Source "ChessBase"]
[SourceQuality "1"]
[TimeControl "40/5400+30:1800+30"]

1. e4 e5 2. Nf3 Nc6 3. Bc4 Bc5 4. c3 Nf6 5. d4 exd4 6. cxd4 Bb4+ 7. Bd2 Nxe4 8. Bxb4 Nxb4 9. Bxf7+ Kxf7 10. Qb3+ d5 11. Ne5+ Ke6 12. Qxb4 Qf8 13. Qxf8 Rxf8 14. f3 c5 15. Nd3 cxd4 16. Na3 Nd6 17. Nc2 Nf5 18. g4 Nh4 19. Nxd4+ Kd6 20. O-O Bd7 21. h3 Rae8 22. Kf2 g5 23. Rae1 a6 24. Kg3 Ng6 25. Rxe8 Rxe8 26. f4 Nxf4 27. Nxf4 Re3+ 28. Nf3 gxf4+ 29. Kxf4 Re2 30. Rb1 h6 31. a3 Re4+ 32. Kg3 d4 33. Rd1 Kd5 34. Kh4 Rf4 35. Kg3 Re4 36. Kh4 Bb5 37. Rd2 d3 38. Rd1 Re3 39. Nd2 Kd4 40. Nb3+ Ke5 41. Nd2 Re2 42. Kg3 Bc6 43. Nc4+ Kd4 44. Nd6 d2 45. b3 Kd3 46. Nc4 Kc2 47. Rxd2+ Rxd2 48. Nxd2 Kxd2 49. Kf4 Kc3 50. b4 Kb3 51. Kf5 Be8 52. Kf6 Kxa3 53. Ke7 Bg6 54. Kf6 Bd3 55. Kg7 Kxb4 56. Kxh6 a5 57. g5 a4 0-1

[Event "Teplice Open 2019"]
[Site "Teplice"]
[Date "2019.06.22"]
[Round "8.5"]
[White "Vorobiov, Evgeny E."]
[Black "Greenfeld, Alon"]
[Result "1-0"]
[ECO "D22"]
[WhiteElo "2556"]
[BlackElo "2513"]
[Annotator "ChessBase"]
[PlyCount "175"]
[EventDate "2019.06.15"]
[EventType "swiss"]
[EventCountry "CZE"]
[SourceTitle "playchess.com"]
[Source "ChessBase"]
[SourceQuality "1"]
[TimeControl "40/5400+30:1800+30"]

1. d4 d5 2. c4 dxc4 3. Nf3 a6 4. e3 Bg4 5. Nc3 e6 6. h3 Bh5 7. g4 Bg6 8. Ne5 Ne7 9. Bxc4 Nd7 10. Nxg6 Nxg6 11. Qf3 b5 12. Bb3 Be7 13. Qc6 Rb8 14. Bd2 Rb6 15. Qg2 c5 16. Rd1 cxd4 17. exd4 Bg5 18. Be3 h5 19. Ne4 Bf4 20. Bxf4 Nxf4 21. Qf3 Qb8 22. Rg1 hxg4 23. Rxg4 Ng6 24. Rxg6 fxg6 25. Qg4 Nf8 26. d5 Qe5 27. dxe6 Nxe6 28. Kf1 Ke7 29. Re1 Qf5 30. Qxf5 gxf5 31. Ng5 Kf6 32. Nxe6 Rxh3 33. Kg2 Rxb3 34. Nc5 Rxb2 35. Nd7+ Kf7 36. Nxb6 Rxa2 37. Nd5 a5 38. Re7+ Kg6 39. Re6+ Kf7 40. Re7+ Kg6 41. Ra7 Ra3 42. Ra6+ Kh5 43. Ne7 f4 44. Rg6 Rd3 45. Rxg7 a4 46. Rf7 Rd7 47. Kf3 Kg5 48. Rf5+ Kh6 49. Nc6 Rc7 50. Nb4 Rc3+ 51. Kg4 Rb3 52. Rxb5 a3 53. f3 a2 54. Rh5+ Kg6 55. Rg5+ Kf6 56. Nxa2 Rxf3 57. Ra5 Rb3 58. Nc1 Rg3+ 59. Kxf4 Rc3 60. Ra6+ Ke7 61. Ne2 Rd3 62. Ng3 Kd7 63. Ne4 Kc7 64. Ke5 Rh3 65. Nf6 Rh1 66. Nd5+ Kb7 67. Rb6+ Ka7 68. Rb2 Rh5+ 69. Kd6 Rh6+ 70. Kc5 Rh5 71. Rb1 Ka6 72. Rg1 Kb7 73. Rg6 Rh7 74. Rf6 Rg7 75. Ne3 Rh7 76. Rb6+ Ka7 77. Nd5 Rc7+ 78. Kd6 Rb7 79. Rc6 Rh7 80. Nf6 Rb7 81. Nd7 Rb1 82. Kc7 Ra1 83. Nb8 Ka8 84. Kc8 Ka7 85. Kc7 Ka8 86. Rc2 Ra7+ 87. Kc8 Rh7 88. Nd7 1-0

[Event "Teplice Open 2019"]
[Site "Teplice"]
[Date "2019.06.22"]
[Round "8.6"]
[White "Salomon, Johan"]
[Black "Stocek, Jiri"]
[Result "1/2-1/2"]
[ECO "E17"]
[WhiteElo "2509"]
[BlackElo "2551"]
[Annotator "ChessBase"]
[PlyCount "93"]
[EventDate "2019.06.15"]
[EventType "swiss"]
[EventCountry "CZE"]
[SourceTitle "playchess.com"]
[Source "ChessBase"]
[SourceQuality "1"]
[TimeControl "40/5400+30:1800+30"]

1. Nf3 Nf6 2. c4 b6 3. g3 Bb7 4. Bg2 e6 5. O-O Be7 6. d4 O-O 7. Nc3 Na6 8. d5 Bb4 9. Nd4 Bxc3 10. bxc3 Nc5 11. Nb3 Rb8 12. Nxc5 bxc5 13. e4 d6 14. Bg5 exd5 15. cxd5 Ba6 16. Re1 h6 17. Bf4 Nd7 18. Qg4 Ne5 19. Bxe5 dxe5 20. Bf1 Bc8 21. Qe2 Qd6 22. Rab1 Bd7 23. Rb3 Rxb3 24. axb3 Rb8 25. Qc2 a5 26. Ra1 Qb6 27. Bc4 Ra8 28. Qd1 g6 29. Ra2 Bb5 30. Bxb5 Qxb5 31. Ra4 Ra6 32. c4 Qd7 33. Kg2 h5 34. h4 f5 35. Qa1 fxe4 36. Qxe5 Qf5 37. Qe8+ Kg7 38. Qe7+ Kg8 39. Qe8+ Kg7 40. Qe7+ Kg8 41. Qxc5 Qf3+ 42. Kh2 Qxb3 43. Qxc7 Qc2 44. Qd8+ Kf7 45. Qd7+ Kf8 46. Qd8+ Kf7 47. Qd7+ 1/2-1/2

[Event "Teplice Open 2019"]
[Site "Teplice"]
[Date "2019.06.22"]
[Round "8.9"]
[White "Lagarde, Maxime"]
[Black "Blohberger, Felix"]
[Result "1-0"]
[ECO "B70"]
[WhiteElo "2599"]
[BlackElo "2475"]
[Annotator "RC"]
[PlyCount "79"]
[EventDate "2019.06.15"]
[EventType "swiss"]
[EventCountry "CZE"]
[SourceTitle "playchess.com"]
[Source "ChessBase"]
[SourceQuality "1"]
[TimeControl "40/5400+30:1800+30"]

1. e4 c5 2. Nc3 d6 3. Nge2 Nf6 4. g3 Nc6 5. Bg2 g6 6. d4 cxd4 7. Nxd4 Nxd4 8. Qxd4 Bg7 9. b3 Be6 10. Bb2 Qa5 11. Qa4+ Qxa4 12. Nxa4 O-O 13. e5 dxe5 14. Bxe5 Bd5 15. Bxd5 Nxd5 16. Bxg7 Kxg7 17. O-O-O Rfd8 18. Kb2 Rac8 19. c4 Nb4 20. f4 e5 21. fxe5 Nd3+ 22. Kc3 Nxe5 23. Rxd8 Rxd8 24. Re1 f6 25. Nc5 Rb8 26. Nd7 Nxd7 27. Re7+ Kh6 28. Rxd7 g5 29. c5 Kg6 30. b4 h5 31. Kd4 Kf5 32. Kd5 Kg4 33. Kd6 Kh3 34. Kc7 Rf8 35. Kxb7 Kxh2 36. c6 Kxg3 37. c7 h4 38. c8=Q Rxc8 39. Kxc8 h3 40. Rxa7 1-0